 Dungeon Crawl Stone Soup version 0.26.1-2-gb8aa6d0cf2 (webtiles) character file.

Game seed: 1145963231830274376

3232 nightchill the Spear-Bearer (level 9, -7/77 HPs)
             Began as a Merfolk Gladiator on Mar 22, 2021.
             Was a Priest of Ru.
             Killed from afar by a frost giant (23 damage)
             ... with a bolt of cold
             ... on level 8 of the Dungeon.
             The game lasted 00:22:17 (8301 turns).

nightchill the Spear-Bearer (Merfolk Gladiator)     Turns: 8301, Time: 00:22:17

Health: -7/77      AC: 11    Str: 17    XL:     9   Next: 98%
Magic:  9/9        EV:  9    Int:  7    God:    Ru [***...]
Gold:   1118       SH:  0    Dex: 16    Spells: 8/8 levels left

rFire    . . .     SeeInvis .   c - +1 halberd (flame)
rCold    . . .     Faith    .   (shield currently unavailable)
rNeg     . . .     Spirit   .   A - +0 chain mail
rPois    .         Reflect  .   l - +0 helmet
rElec    .         Harm     .   B - +0 cloak
rCorr    .         Rampage  .   (no gloves)
Will     .....                  (no boots)
Stlth    ..........             o - amulet of regeneration
HPRegen  0.62/turn              z - +4 ring of slaying
MPRegen  0.11/turn              (no ring)

@: about to teleport
A: change form in water, swift swim, stealthy swim, no conjurations magic, no
earth magic, no transmutations magic, inexperienced 1
a: Renounce Religion, Draw Out Power


You were on level 8 of the Dungeon.
You worshipped Ru.
Ru was most pleased with you.
You visited 1 branch of the dungeon, and saw 8 of its levels.

You collected 1118 gold pieces.

Inventory:

Hand Weapons
 a - a +0 trident
 c - a +1 halberd of flaming (weapon)
Missiles
 d - 2 throwing nets (quivered)
 p - 5 boomerangs
Armour
 l - a +0 helmet (worn)
 A - a +0 chain mail (worn)
 B - a +0 cloak (worn)
Jewellery
 e - an uncursed amulet of reflection
 o - an amulet of regeneration (around neck)
 z - a +4 ring of slaying (left hand)
Wands
 n - a wand of paralysis (7)
 r - a wand of iceblast (1)
Scrolls
 j - 2 scrolls of magic mapping
 k - 2 scrolls of immolation
 m - 2 scrolls of identify
 s - 4 scrolls of teleportation
 v - a scroll of enchant weapon
 x - a scroll of amnesia
 y - 5 scrolls of remove curse
Potions
 b - a potion of ambrosia {unknown}
 f - a potion of cancellation
 g - 2 potions of berserk rage
 h - 2 potions of heal wounds
 i - 3 potions of curing
 q - a potion of haste
 t - a potion of attraction {unknown}
 u - a potion of resistance
 w - 2 potions of invisibility


   Skills:
 + Level 9.5 Fighting
 + Level 14.0 Polearms
 - Level 2.0 Throwing
 + Level 3.3 Armour
 - Level 4.0 Dodging


You had 8 spell levels left.
You didn't know any spells.
Your spell library contained the following spells:

 Spells                   Type           Power        Failure   Level
 Poisonous Vapours        Pois/Air       0%           100%        2
 Conjure Flame            Conj/Fire      Unusable     N/A         3
 Mephitic Cloud           Conj/Pois/Air  Unusable     N/A         3
 Freezing Cloud           Conj/Ice/Air   Unusable     N/A         6

Dungeon Overview and Level Annotations

Branches:
Dungeon (8/15)             Temple (0/1) D:6
   Lair: D:8-11

Altars:
Dithmenos
Elyvilon
Fedhas
Gozag
Makhleb
Qazlal
Ru
Trog
Uskayaw

Annotations:
D:4 1 runed translucent door, 1 exclusion, Crazy Yiuf


Innate Abilities, Weirdness & Mutations

You revert to your normal form in water.
You are very nimble and swift while swimming.
You are very stealthy in the water. (Stealth+)
You cannot study or cast Conjurations magic.
You cannot study or cast Earth magic.
You cannot study or cast Transmutations magic.
You are somewhat inexperienced. (-2 XL)


Message History

You slash the frost giant! You burn the frost giant.
The frost giant is lightly wounded.
The frost giant casts a spell at you. The bolt of cold hits you!!!
Ouch! That really hurt!
* * * LOW HITPOINT WARNING * * *
Press: ? - help, v - describe, . - travel, g - get item Item here: a runed scale mail.
The floor.
Unknown command.
A jelly comes into view.
The jelly quivers.
The frost giant casts a spell at you. The bolt of cold hits you!!
* * * LOW HITPOINT WARNING * * *
As you read the scroll of teleportation, it crumbles to dust.
You feel strangely unstable.
The frost giant points at you and mumbles some strange words.
The bolt of cold hits you!!
You die...

#. ##.## ..#
#.# ##}:[##
#.# ... .)8).
... #.# }[|
#J# #.##C##.#
#.# #.#.#.#
#.# #.#C#
#.#####.#####
#.#...@.....#
#.#.#'###+#.#
#.#.#.....#
##.#.###'###
#..).'.....'
.
#..#.###'###
# #..#.#. .#
#
#..#.#'###'#
# #..#.. ....
#


You could see a frost giant and a jelly.

Vanquished Creatures
  A gargoyle (D:6)
  A troll (D:6)
  Sigmund (D:4)
  Menkaure (D:7)
  2 ice beasts
  A sky beast (D:8)
  3 orc warriors
  A phantom (D:6)
  A necrophage (D:8)
  3 ogres
  2 centaurs
  2 big kobolds
  4 bullfrogs
  A scorpion (D:4)
  4 howler monkeys
  A jelly (D:8)
  3 orc priests
  2 hounds
  6 orc wizards
  Jessica (D:2)
  A bullfrog skeleton (D:7)
  4 worker ants
  A hound skeleton (D:4)
  5 gnolls
  8 adders
  A shadow imp (D:6)
  A white imp (D:5)
  An ufetubus (D:8)
  An adder zombie (D:6)
  An adder skeleton (D:6)
  5 worms
  5 dart slugs
  6 leopard geckos
  18 orcs
  4 ball pythons
  7 giant cockroaches
  9 hobgoblins
  13 jackals
  2 quokkas (D:4)
  6 bats
  4 frilled lizards
  12 goblins
  15 kobolds
  2 leopard gecko skeletons (D:4)
  A leopard gecko zombie (D:6)
  2 quokka zombies (D:5)
  6 rats
182 creatures vanquished.

Vanquished Creatures (others)
  A worker ant (D:5)
1 creature vanquished.

Grand Total: 183 creatures vanquished

Notes
Turn   | Place    | Note
-------+----------+-------------------------------------------
     0 | D:1      | nightchill the Merfolk Gladiator began the quest for the
                  | Orb.
     0 | D:1      | Reached XP level 1. HP: 16/16 MP: 1/1
   171 | D:1      | Reached XP level 2. HP: 23/23 MP: 2/2
   176 | D:1      | Reached skill level 5 in Polearms
   509 | D:1      | Reached XP level 3. HP: 17/28 MP: 3/3
  1191 | D:2      | Reached skill level 6 in Polearms
  1340 | D:2      | Reached XP level 4. HP: 30/35 MP: 4/4
  1412 | D:2      | Found a sacrificial altar of Ru.
  1422 | D:2      | Found a stormy altar of Qazlal.
  1435 | D:2      | Became a worshipper of Ru the Awakened
  1453 | D:2      | Noticed Jessica
  1458 | D:2      | Killed Jessica
  1889 | D:2      | Reached skill level 7 in Polearms
  2075 | D:2      | Reached XP level 5. HP: 41/41 MP: 5/5
  2143 | D:2      | Found a shadowy altar of Dithmenos.
  2217 | D:2      | Found a bloodstained altar of Trog.
  2220 | D:2      | Found an opulent altar of Gozag.
  2223 | D:2      | Found a hide-covered altar of Uskayaw.
  2341 | D:3      | Found a blossoming altar of Fedhas.
  2949 | D:3      | Gained mutation: You are somewhat inexperienced. (-2 XL)
                  | [Ru sacrifice]
  2949 | D:3      | Reached XP level 4. HP: 37/37 MP: 4/4
  2949 | D:3      | Reached XP level 3. HP: 30/30 MP: 3/3
  2949 | D:3      | Reached * piety under Ru
  2949 | D:3      | Reached ** piety under Ru
  3416 | D:4      | Reached XP level 4. HP: 34/37 MP: 4/4
  3535 | D:4      | Reached skill level 8 in Polearms
  3552 | D:4      | Found a runed translucent door.
  3553 | D:4      | Noticed Crazy Yiuf
  3583 | D:4      | Noticed an ogre
  3588 | D:4      | Killed an ogre
  3589 | D:4      | Reached XP level 5. HP: 33/43 MP: 5/5
  3740 | D:4      | Noticed Sigmund
  3790 | D:4      | Killed Sigmund
  3791 | D:4      | Reached skill level 9 in Polearms
  3791 | D:4      | Reached XP level 6. HP: 36/50 MP: 6/6
  3927 | D:4      | Reached skill level 5 in Fighting
  4277 | D:5      | Entered Level 5 of the Dungeon
  4288 | D:5      | Reached skill level 10 in Polearms
  4288 | D:5      | Reached XP level 7. HP: 42/56 MP: 7/7
  4463 | D:5      | Found a burning altar of Makhleb.
  5591 | D:5      | Found a white marble altar of Elyvilon.
  5750 | D:5      | Reached skill level 11 in Polearms
  6020 | D:4      | Gained mutation: You cannot study or cast Earth magic. [Ru
                  | sacrifice]
  6020 | D:4      | Gained mutation: You cannot study or cast Transmutations
                  | magic. [Ru sacrifice]
  6020 | D:4      | Gained mutation: You cannot study or cast Conjurations
                  | magic. [Ru sacrifice]
  6020 | D:4      | Reached *** piety under Ru
  6188 | D:6      | Reached XP level 8. HP: 60/64 MP: 8/8
  6309 | D:6      | Found a staircase to the Ecumenical Temple.
  6667 | D:6      | Noticed a gargoyle
  6674 | D:6      | Reached skill level 12 in Polearms
  6698 | D:6      | Killed a gargoyle
  6706 | D:6      | Reached skill level 13 in Polearms
  6714 | D:6      | Noticed a troll
  6732 | D:6      | Killed a troll
  6733 | D:6      | Reached XP level 9. HP: 41/72 MP: 9/9
  7173 | D:7      | Reached skill level 14 in Polearms
  7202 | D:7      | Noticed Menkaure
  7208 | D:7      | Killed Menkaure
  7405 | D:7      | Reached skill level 1 in Armour
  8295 | D:8      | Noticed a frost giant
  8296 | D:8      | Found the +10 Black Knight's barding {ponderous, rPois rN+}
  8296 | D:8      | Noticed a six-headed hydra
  8301 | D:8      | Killed from afar by a frost giant

Illustrated notes

Levels and vault maps discovered:
D:1:      onia_arrival_mini_spirals, layout_basic
D:2:      layout_basic, grunt_temple_overflow_diamond,
          amethyst_overflow_temple_binary, grunt_dithmenos_smoke_and_mirrors,
          uniq_jessica
D:3:      layout_basic, fedhas_ov_isle_minmay
D:4:      layout_basic, uniq_sigmund, uniq_crazy_yiuf_cottage
D:5:      layout_basic, nicolae_overflow_crystal_walls, basic_altar
D:6:      minmay_klotski, layout_loops_ring, minmay_temple_entry_glass
D:7:      layout_gridville, uniq_menkaure
D:8:      layout_loops_cross, minmay_the_grid_2x2 [minmay_the_grid_dragon_a,
          minmay_the_grid_minigrid_small_alt, minmay_the_grid_doors,
          minmay_the_grid_prize_diamond_cup]

Skill      XL: |  1  2  3  4  5  6  7  8  9 |
---------------+----------------------------+-----
Polearms       | 5 6 8 9 10 11 13 14 | 14.0
Fighting       | 3 4 5 6 7 9 |  9.5
Armour         | 3 |  3.3
Throwing       | |  2.0
Dodging        | |  4.0

Action                   |  1- 3 |  4- 6 |  7- 9 || total
-------------------------+-------+-------+-------++-------
Melee: Trident           |   117 |   194 |   329 ||   640
       Spear             |    63 |       |       ||    63
       Halberd           |       |       |    16 ||    16
Throw: Throwing net      |       |     1 |     1 ||     2
Invok: Sacrifice Experie |     1 |       |       ||     1
       Sacrifice Arcana  |       |       |     1 ||     1
       Draw Out Power    |       |       |     2 ||     2
       Reject Sacrifices |       |       |     1 ||     1
Evoke: Wand              |       |       |     4 ||     4
  Use: Scroll            |     4 |       |    11 ||    15
       Potion            |       |     2 |     5 ||     7
 Stab: Sleeping          |       |     3 |       ||     3
       Invisible         |       |     2 |     1 ||     3
       Held in net/web   |       |       |     1 ||     1
Armor: Leather armour    |    36 |    13 |       ||    49
       Ring mail         |     6 |    36 |    36 ||    78
       Chain mail        |       |       |    38 ||    38
Dodge: Dodged            |   114 |   120 |    98 ||   332
